 Dungeon Crawl Stone Soup version 0.30-a0-862-g1aabd4f9c5 (webtiles) character file.

Game seed: 11592147199851201466

1855168 bakla the Octopoid Blade (level 27, 213/213 HPs)
             Began as an Octopode Gladiator on Mar 9, 2023.
             Was the Champion of Cheibriados.
             Escaped with the Orb
             ... and 3 runes on Mar 10, 2023!
             The game lasted 03:20:01 (56591 turns).

bakla the Octopoid Blade (Octopode Gladiator)      Turns: 56591, Time: 03:20:01

Health: 213/213    AC:  3    Str: 30    XL:     27
Magic:  22/35      EV: 57    Int: 34    God:    Cheibriados [******]
Gold:   5011       SH: 37    Dex: 60    Spells: 14/42 levels left

rFire   + + .      SeeInvis +    t - +9 demon blade (spect)
rCold   + + +      Faith    .    o - +2 tower shield {rC+ rF+}
rNeg    . . .      Spirit   .    b - +2 hat {Int+3}
rPois   .          Reflect  .    X - amulet "Giestiun" {rF+ Regen+ Int-5 Stlth+}
rElec   +          Rampage  .    W - ring "Ulezo" {Fly Will+ Dex+2}
rCorr   .                        x - ring "Jimeskec" {rElec rC++ Dex-2 Slay+2 SInv}
Will    ++++.                    h - +6 ring of dexterity
Stlth   ++                       J - +6 ring of dexterity
HPRegen 1.35/turn                a - ring of willpower
MPRegen 0.24/turn                V - +6 ring of dexterity
                                 M - +6 ring of dexterity
                                 T - +6 ring of dexterity

@: mighty, flying, studying Summonings, very slow
A: almost no armour, amphibious, 8 rings, camouflage 1, gelatinous body 1,
(nimble swimmer 1), tentacles, cold resistance 1, wild magic 1, inability to
drink after injury 1
0: Orb of Zot
}: 3/15 runes: serpentine, barnacled, silver
a: Renounce Religion, Bend Time, Temporal Distortion, Slouch, Step From Time


You escaped.
You worshipped Cheibriados.
Cheibriados was exalted by your worship.
You visited 11 branches of the dungeon, and saw 51 of its levels.
You also visited: Bailey and Ice Cave.

You collected 8513 gold pieces.
You spent 3502 gold pieces at shops.

Inventory:

Hand Weapons
 t - a +9 spectral demon blade (weapon)
 L - the +8 storm bow {elec, penet}
   (You took it off a yaktaur captain on level 5 of the Vaults)
Missiles
 n - a throwing net
 D - 14 javelins
 F - 16 curare-tipped darts
Armour
 b - a +2 hat of intelligence (worn)
 o - a +2 tower shield of resistance (worn)
Jewellery
 a - a ring of willpower (on tentacle)
 d - the ring of the Hare {EV+10}
   (You found it on level 5 of the Vaults)

   [ring of evasion]

   EV:        It affects your evasion (+10).
 h - a +6 ring of dexterity (on tentacle)
 s - the ring "Xelebadi" {rF+ MP+9 Slay+2}
   (You found it on level 3 of the Crypt)

   [ring of protection from fire]

   Slay:      It affects your accuracy & damage with ranged weapons and melee
   (+2).
   rF:        It protects you from fire.
   MP:        It affects your magic capacity (+9).
 w - the macabre finger necklace {Finger+ rN+}
   (You found it on level 3 of the Crypt)

   [amulet of nothing]

   Finger+:   It enables you to equip an extra ring.
   rN:        It protects you from negative energy.
 x - the ring "Jimeskec" (right tentacle) {rElec rC++ Dex-2 Slay+2 SInv}
   (You found it on level 2 of the Depths)

   [ring of see invisible]

   Dex:       It affects your dexterity (-2).
   Slay:      It affects your accuracy & damage with ranged weapons and melee
   (+2).
   rC:        It greatly protects you from cold.
   rElec:     It insulates you from electricity.
   SInv:      It lets you see invisible.
 G - the amulet of Pyass {Reflect Int+4 SH+5}
   (You found it on level 4 of the Shoals)

   [amulet of reflection]

   It reflects blocked missile attacks.
   Int:       It affects your intelligence (+4).
   SH:        It affects your SH (+5).
 H - the ring of Duwk {rElec rCorr EV+5}
   (You found it on level 3 of the Crypt)

   [ring of evasion]

   EV:        It affects your evasion (+5).
   rElec:     It insulates you from electricity.
   rCorr:     It protects you from acid and corrosion.
 I - an amulet of regeneration
 J - a +6 ring of dexterity (on tentacle)
 M - a +6 ring of dexterity (on tentacle)
 T - a +6 ring of dexterity (on tentacle)
 V - a +6 ring of dexterity (on tentacle)
 W - the ring "Ulezo" (left tentacle) {Fly Will+ Dex+2}
   (You bought it in a shop on level 2 of the Orcish Mines)

   [ring of flight]

   Dex:       It affects your dexterity (+2).
   Fly:       It grants you flight.
   Will:      It increases your willpower.
 X - the amulet "Giestiun" (around mantle) {rF+ Regen+ Int-5 Stlth+}
   (You took it off a yaktaur captain on level 5 of the Vaults)

   [amulet of regeneration]

   Int:       It affects your intelligence (-5).
   rF:        It protects you from fire.
   Regen:     It increases your rate of health regeneration.
   Stlth:     It makes you more stealthy.
Wands
 c - a wand of light (17)
 r - a wand of roots (24)
 Q - a wand of digging (15)
Scrolls
 g - 7 scrolls of noise
 j - 21 scrolls of teleportation
 y - 6 scrolls of blinking
 B - 2 scrolls of silence
 E - 2 scrolls of immolation
 O - 7 scrolls of fear
 P - 7 scrolls of amnesia
 R - 3 scrolls of summoning
 S - 6 scrolls of fog
 U - 6 scrolls of poison
 Z - a scroll of brand weapon
Potions
 e - 8 potions of magic
 f - 5 potions of resistance
 i - 8 potions of mutation
 k - 4 potions of cancellation
 l - 26 potions of curing
 m - 9 potions of brilliance
 p - 11 potions of attraction
 q - 3 potions of might
 u - 8 potions of flight
 v - 5 potions of invisibility
 C - 9 potions of lignification
 K - 15 potions of heal wounds
Miscellaneous
 A - a box of beasts
 N - a phial of floods
 Y - a phantom mirror


   Skills:
 + Level 23.9 Fighting
 - Level 3.0(16.1) Short Blades
 + Level 23.9(24.0) Long Blades
 - Level 2.0 Throwing
 - Level 19.0 Dodging
 - Level 0.2 Stealth
 - Level 22.0 Shields
 - Level 8.0 Spellcasting
 - Level 13.0 Transmutations
 - Level 13.0 Earth Magic
 - Level 13.0 Invocations


You had 14 spell levels left.
You knew the following spells:

 Your Spells              Type           Power      Damage    Failure   Level
a - Wereblood             Tmut           93%        N/A       1%          2
b - Statue Form           Tmut/Erth      62%        N/A       7%          6
c - Lee's Rapid Deconstr  Erth           46%        3d22*     1%          5
d - Irradiate             Conj/Tmut      33%        3d22      16%         5
e - Yara's Violent Unrav  Hex/Tmut       33%        3d14      16%         5
f - Borgnjor's Vile Clut  Necr/Erth      33%        N/A       16%         5

Your spell library contained the following spells:

 Spells                   Type           Power      Damage    Failure   Level
 Passwall                 Tmut/Erth      77%        N/A       1%          2
 Petrify                  Tmut/Erth      93%        N/A       1%          4
 Blade Hands              Tmut           46%        N/A       1%          5
 Spider Form              Tmut/Pois      66%        N/A       2%          3
 Leda's Liquefaction      Hex/Erth       33%        N/A       6%          4
 Apportation              Tloc           34%        N/A       9%          1
 Freeze                   Ice            68%        1d8       9%          1
 Kiss of Death            Conj/Necr      68%        2d10      9%          1
 Magic Dart               Conj           68%        1d6       9%          1
 Necrotise                Necr           68%        1d7       9%          1
 Slow                     Hex            68%        N/A       9%          1
 Summon Small Mammal      Summ           68%        N/A       9%          1
 Blink                    Tloc           34%        N/A       13%         2
 Call Imp                 Summ           17%        N/A       13%         2
 Ensorcelled Hibernation  Hex/Ice        34%        N/A       13%         2
 Searing Ray              Conj           34%        2d5       13%         2
 Sublimation of Blood     Necr           17%        N/A       13%         2
 Alistair's Intoxication  Tmut/Pois      44%        N/A       16%         5
 Call Canine Familiar     Summ           17%        N/A       22%         3
 Dazzling Flash           Conj/Hex       34%        N/A       22%         3
 Frozen Ramparts          Ice            34%        1d6       22%         3
 Hailstorm                Conj/Ice       17%        3d6       22%         3
 Inner Flame              Hex/Fire       17%        N/A       22%         3
 Mephitic Cloud           Conj/Pois/Air  17%        N/A       22%         3
 Ozocubu's Armour         Ice            17%        N/A       22%         3
 Portal Projectile        Hex/Tloc       34%        N/A       22%         3
 Swiftness                Air            17%        N/A       22%         3
 Tukima's Dance           Hex            17%        N/A       22%         3
 Vampiric Draining        Necr           17%        2d7       22%         3
 Dragon Form              Tmut           46%        N/A       30%         7
 Airstrike                Air            8%         2d(2-18)  56%         4
 Anguish                  Hex/Necr       8%         N/A       56%         4
 Animate Dead             Necr           17%        N/A       56%         4
 Cause Fear               Hex            8%         N/A       56%         4
 Dispel Undead            Necr           17%        3d10      56%         4
 Flame Wave               Conj/Fire      17%        2d7       56%         4
 Fulminant Prism          Conj/Hex       8%         3d7       56%         4
 Iskenderun's Mystic Bla  Conj/Tloc      17%        2d5       56%         4
 Manifold Assault         Tloc           17%        N/A       56%         4
 Sticky Flame             Conj/Fire      17%        2d4       56%         4
 Summon Lightning Spire   Summ/Air       17%        N/A       56%         4
 Agony                    Necr           17%        N/A       88%         5
 Fireball                 Conj/Fire      8%         3d6       88%         5
 Iskenderun's Battlesphe  Conj           17%        2d7       88%         5
 Lightning Bolt           Conj/Air       8%         1d21      88%         5
 Metabolic Englaciation   Hex/Ice        8%         N/A       88%         5
 Storm Form               Tmut/Air       33%        N/A       98%         7
 Conjure Ball Lightning   Conj/Air       8%         3x3d6     100%        6
 Death Channel            Necr           8%         N/A       100%        6
 Dispersal                Tloc           8%         N/A       100%        6
 Simulacrum               Ice/Necr       8%         N/A       100%        6
 Starburst                Conj/Fire      8%         6d4       100%        6
 Haunt                    Necr/Summ      8%         N/A       100%        7
 Orb of Destruction       Conj           8%         9d6       100%        7
 Summon Hydra             Summ           8%         N/A       100%        7
 Discord                  Hex            8%         N/A       100%        8
 Disjunction              Tloc           8%         N/A       100%        8
 Infestation              Necr           8%         N/A       100%        8
 Necromutation            Tmut/Necr      33%        N/A       100%        8
 Death's Door             Necr           8%         N/A       100%        9


Dungeon Overview and Level Annotations

Branches:
Dungeon (15/15)            Temple (1/1) D:4            Lair (5/5) D:9
 Shoals (4/4) Lair:3        Snake (4/4) Lair:3        Slime (0/5) Lair:5
    Orc (2/2) D:10            Elf (3/3) Orc:2        Vaults (5/5) D:13
  Crypt (3/3) Vaults:2       Tomb (0/3) Crypt:3      Depths (4/4) D:15
    Zot (5/5) Depths:4     Bailey (visited)           IceCv (visited)

Altars:
Ashenzari
Cheibriados
Dithmenos
Elyvilon
Fedhas
Gozag
Hepliaklqana
Kikubaaqudgha
Makhleb
Nemelex Xobeh
Okawaru
Qazlal
Ru
Sif Muna
Trog
Uskayaw
Vehumet
Wu Jian
Xom
Yredelemnul
Zin
The Shining One
Lugonu

Shops:
D:5 [   D:6 (   D:13 *   D:15 =   Orc:1 **   Orc:2 ==!*   Elf:2 :   Snake:1 ?(!
Snake:2 =[   Vaults:1 [   Vaults:2 *   Vaults:3 [   Depths:3 *   Depths:4 *!![

Portals:
Hell: Depths:1 Depths:2 Depths:3 Depths:4
Abyss: Depths:3
Pandemonium: Depths:1 Depths:2 Depths:3
Ziggurat: Depths:2

Annotations:
D:3 1 runed translucent door, Crazy Yiuf
D:9 exclusion: lava snake
D:10 2 transporters
Zot:5 1 transporter, exclusion: upstairs


Innate Abilities, Weirdness & Mutations

You cannot wear most types of armour.
You are amphibious.
You can wear up to eight rings at the same time.
Your skin changes colour to match your surroundings (Stealth+).
Your rubbery body absorbs attacks. (AC +1, EV +1)
((You are camouflaged when in or above water. (Stealth+)))
You have tentacles for arms and can constrict up to eight enemies at once.
Your flesh is cold resistant. (rC+)
Your spells are a little harder to cast, but a little more powerful.
You occasionally lose the ability to drink potions when taking damage.


Message History

Unknown command.
Casting: Lee's Rapid Deconstruction (mildly dangerous; 1% risk of failure)
Confirm with . or Enter, or press ? or * to list all spells.
Aiming: Lee's Rapid Deconstruction (mildly dangerous; 1% risk of failure)
Press: ? - help, Dir - move target A rock wall.
The wall shatters!
The blast of rock fragments hits the efreet!
The efreet is almost dead.
The efreet gestures at you. The bolt of fire misses you.
Unknown command.
Casting: Lee's Rapid Deconstruction (mildly dangerous; 1% risk of failure)
Confirm with . or Enter, or press ? or * to list all spells.
Aiming: Lee's Rapid Deconstruction (mildly dangerous; 1% risk of failure)
Press: ? - help, Dir - move target A rock wall.
The wall shatters!
The blast of rock fragments hits the efreet!!
You kill the efreet!
Cheibriados thoroughly appreciates the change of pace.
Unknown command.
You revert to your normal fleshy form.
(D) Dungeon (T) Temple (L) Lair (A) Shoals (P) Snake Pit (M) Slime Pits (O) Orcish Mines (E) Elven Halls (V) Vaults (C) Crypt (W) Tomb (U) Depths (H) Hell (Z) Zot
Where to? (Enter - D:1 @ (x,y), ? - help)
Okay, then.
Unknown command.
(D) Dungeon (T) Temple (L) Lair (A) Shoals (P) Snake Pit (M) Slime Pits (O) Orcish Mines (E) Elven Halls (V) Vaults (C) Crypt (W) Tomb (U) Depths (H) Hell (Z) Zot
Where to? (Enter - D:1 @ (x,y), ? - help)
An Orb Guardian comes into view.
You block the Orb Guardian's attack.
You open the Orb Guardian like a pillowcase!!!
The Orb Guardian is heavily wounded.
Your +9 spectral demon blade hits the Orb Guardian!
You block the Orb Guardian's attack.
You cut the Orb Guardian into ribbons!!!
You kill the Orb Guardian!
Cheibriados thoroughly appreciates the change of pace.
There is a staircase leading out of the dungeon here.
You have escaped!

...........## ##........†.#
#.####......## ##......####.#
#..# ##......## ##....).## #..#
##.## ##......## ##......## ##.##
##..## ##......###......## ##..#.
###..## ##......#......## ##..##.
# ##..## ##...........## ##..####
# ##..## ##.........## ##..##...
# ##..#####...@...#####..##..##
#######...####.....####...##..###
......###...###...###...###..##
#####.#####...........###...### #
#[....#############.......# #
##........................# # #
#...###...#########......# #
######...# #...# #......# #
##.......# #...# #......# #


There were no monsters in sight!

Vanquished Creatures
  Khufu (Crypt:3)
  3 dread liches
  4 ancient liches
  4 orbs of fire
  Mara (Depths:3)
  2 juggernauts (Depths:3)
  A royal mummy (Crypt:3)
  Vv (Crypt:2)
  Boris (thrice) (Vaults:4 Crypt:1 Depths:4)
  3 Killer Klowns (Zot:5)
  Frederick (Vaults:3)
  A curse toe (Zot:4)
  Saint Roka (Elf:3)
  The ghost of Tourr the Warrior, a veteran HuIE of Zin (Depths:2)
  7 golden dragons
  3 bone dragons
  Jory (Crypt:2)
  An electric golem (Zot:5)
  6 titans (Vaults:5)
  Zenata (Vaults:4)
  An Ice Fiend (D:2)
  27 Orb Guardians
  7 liches
  A quicksilver dragon (Zot:5)
  A walking crystal tome (Depths:2)
  3 deep elf master archers (Elf:3)
  A walking frostbound tome (Depths:3)
  A pandemonium lord (D:1)
  14 tentacled monstrosities
  4 deep elf blademasters
  3 sphinxes
  5 death cobs
  An ancient champion (Crypt:3)
  4 tengu reavers
  8 shadow dragons
  9 storm dragons
  3 draconian monks
  13 nagarajas
  4 revenants
  2 draconian knights
  8 fire giants
  2 iron dragons
  Louise (Shoals:1)
  9 deep elf sorcerers
  A draconian scorcher (Zot:2)
  14 vault wardens
  5 frost giants
  2 orc warlords
  A shard shrike simulacrum (Crypt:3)
  2 ghost moths
  7 deep elf elementalists (Elf:3)
  5 ghouls (Crypt:3)
  A balrug (Depths:3)
  3 draconian shifters
  2 curse skulls
  A spectral caustic shrike (Crypt:3)
  17 very ugly things
  4 draconian annihilators
  2 cacodemons
  23 ironbound preservers
  An angel (Depths:2)
  2 reapers
  3 war gargoyles (Vaults:5)
  21 stone giants
  8 ironbound thunderhulks
  9 green draconians
  2 spriggan defenders
  6 vampire knights
  8 deep elf annihilators
  A spectral titan (Crypt:3)
  5 black draconians
  7 deep elf demonologists
  7 purple draconians
  9 dire elephants
  2 spark wasps (Depths:4)
  4 white draconians
  6 red draconians
  4 yellow draconians
  6 crystal guardians
  A green death (Depths:2)
  10 deep elf death magi
  8 ettins
  6 merfolk impalers
  8 fire dragons
  18 jiangshi
  7 deep elf high priests
  6 merfolk javelineers
  4 spectral quicksilver dragons (Crypt:3)
  A spectral shadow dragon (Crypt:3)
  8 eidola
  3 entropy weavers
  15 yaktaur captains
  Erolcha (D:9)
  A hell beast (Zot:3)
  6 ice dragons
  41 vault guards
  A fenstrider witch zombie (Crypt:1)
  A spectral spriggan (Crypt:3)
  2 spriggan air magi
  2 salamander tyrants (Snake:4)
  6 hydras
  6 rakshasas
  9 great orbs of eyes
  A jorogumo (shapeshifter) (Vaults:5)
  3 peacekeepers
  5 merfolk aquamancers (Shoals:4)
  6 anacondas
  A juggernaut simulacrum (Crypt:3)
  A catoblepas (Lair:3)
  14 centaur warriors
  12 ironbound frosthearts
  3 ogre magi
  7 death knights
  11 two-headed ogres
  4 merfolk avatars
  3 alligator snapping turtles
  5 boulder beetles
  9 tengu warriors
  27 dancing weapons
  A satyr (Shoals:4)
  10 deep troll shamans
  4 shock serpents
  5 spriggan berserkers
  A spectral dire elephant (Crypt:3)
  14 death yaks
  4 deep troll earth magi
  14 naga sharpshooters
  9 vampire magi
  13 naga warriors
  A quicksilver ooze zombie (Crypt:2)
  A skyshark (shapeshifter) (Vaults:5)
  3 spectral storm dragons (Crypt:3)
  3 orc high priests (Orc:2)
  2 spectral nagas (Crypt:3)
  6 hell knights
  19 deep elf knights
  6 soul eaters
  A titan skeleton (Crypt:3)
  5 skysharks
  10 shadow wraiths
  A storm dragon skeleton (Zot:4)
  A salamander mystic (Snake:3)
  5 skeletal warriors (Crypt:3)
  83 deep trolls
  8 iron trolls
  4 sixfirhies
  11 sea snakes
  A quicksilver dragon simulacrum (Crypt:3)
  2 death drakes (Zot:4)
  2 glowing orange brains (Depths:3)
  11 flayed ghosts
  8 naga ritualists
  19 phantasmal warriors
  An orange crystal statue (Vaults:1)
  12 harpies
  2 bunyip skeletons
  14 deep elf archers
  A lindwurm (shapeshifter) (Vaults:4)
  2 fenstrider witch simulacra (Crypt:3)
  7 wizards
  A steelbarb worm (shapeshifter) (Vaults:5)
  34 deep elf zephyrmancers
  10 necromancers
  16 orc knights
  24 ironbound convokers
  15 lindwurms
  26 deep elf pyromancers
  40 ugly things
  13 manticores
  A human zombie (Crypt:3)
  6 orc sorcerers
  8 moths of wrath
  6 mana vipers
  A salamander (shapeshifter) (Elf:2)
  A wolf spider (shapeshifter) (Vaults:5)
  9 fauns
  A spectral centaur (Crypt:3)
  5 cyclopes
  9 elephants (Lair:4)
  10 salamanders
  A spectral alligator snapping turtle (Crypt:3)
  7 guardian serpents
  A black mamba (shapeshifter) (D:14)
  30 black mambas
  An ice statue (IceCv)
  6 merfolk sirens
  2 smoke demons (Depths:2)
  9 water nymphs
  2 dire elephant zombies
  21 naga magi
  Maggie (D:9)
  3 orange demons
  17 vault sentinels
  2 gargoyles
  3 unseen horrors
  Psyche (D:8)
  8 cane toads
  A dire elephant skeleton (Crypt:3)
  10 komodo dragons
  2 naga skeletons (Crypt:3)
  A komodo dragon (shapeshifter) (Vaults:5)
  3 rime drakes
  36 freezing wraiths
  A kobold demonologist (D:11)
  6 tengu conjurers
  2 efreet
  39 yaktaurs
  2 spectral harpies (Crypt:3)
  4 anaconda simulacra (Crypt:3)
  2 ice devils
  A meliai (shapeshifter) (Elf:1)
  18 polar bears
  31 merfolk
  6 trolls
  A red devil (Depths:3)
  A shadow dragon simulacrum (Crypt:3)
  A wind drake (shapeshifter) (Vaults:5)
  13 hornets
  A polar bear (shapeshifter) (Vaults:5)
  Prince Ribbit (Bailey)
  5 wind drakes
  A moth of wrath zombie (Zot:4)
  4 dream sheep
  An iron dragon simulacrum (Crypt:3)
  13 blink frogs
  A stone giant simulacrum (Crypt:3)
  8 snapping turtles
  Sigmund (D:3)
  A dire elephant simulacrum (Crypt:3)
  2 air elementals (Elf:1)
  2 centaur simulacra
  A guardian serpent skeleton (Crypt:2)
  3 vampires
  2 ynoxinuls (Depths:3)
  A black mamba zombie (Crypt:1)
  5 wyverns
  33 slime creatures
  53 yaks
  4 shadows
  10 water elementals
  22 spriggans
  4 humans (Bailey)
  A slime creature zombie (Crypt:3)
  10 wraiths
  A fire elemental (Elf:3)
  2 basilisks
  A neqoxec (Depths:3)
  A redback (shapeshifter) (Vaults:5)
  7 redbacks
  A steam dragon (D:6)
  3 harpy simulacra (Crypt:3)
  55 nagas
  5 wargs
  A two-headed ogre zombie (Crypt:1)
  A large abomination (Elf:1)
  2 acid dragons (D:11)
  A two-headed ogre skeleton (Crypt:1)
  19 water moccasins
  A fire bat skeleton (Crypt:3)
  A hydra simulacrum (Crypt:3)
  A merfolk skeleton (Crypt:2)
  A black bear (shapeshifter) (Elf:1)
  A floating eye (shapeshifter) (Depths:4)
  6 black bears
  30 orc warriors
  10 ogres
  3 boggarts (Lair:5)
  56 wolves
  5 centaurs
  A swamp dragon zombie (Crypt:3)
  2 phantoms
  4 kobold brigands
  2 elf zombies (Elf:1)
  Blork the orc (D:5)
  20 bullfrogs
  An earth elemental (Elf:2)
  2 scorpions (D:5)
  3 necrophages (Crypt:3)
  A salamander skeleton (Crypt:1)
  A water moccasin zombie (D:6)
  11 wights
  A raiju zombie (Crypt:1)
  19 killer bees
  A yak skeleton (Crypt:2)
  2 howler monkeys
  5 electric eels
  5 bullfrog zombies
  4 lava snakes
  2 centaur zombies (D:6)
  29 orc priests
  2 hounds
  A jelly (D:5)
  A centaur skeleton (Crypt:3)
  Ijyb (D:4)
  3 iguanas
  Natasha (thrice) (D:3)
  24 orc wizards
  2 hell rats (Lair:2)
  2 troll simulacra (D:11)
  7 spriggan simulacra
  A boggart skeleton (Crypt:1)
  An ogre skeleton (Crypt:2)
  2 mummies (Crypt:3)
  5 gnolls
  13 adders
  4 naga simulacra
  8 river rats (Lair:2)
  2 shadow imps (D:5)
  A white imp (D:7)
  An ufetubus (D:5)
  An adder skeleton (Crypt:1)
  An adder zombie (Crypt:3)
  2 worms
  2 dart slugs
  79 orcs
  An orc (shapeshifter) (Vaults:5)
  4 bats
  A bat skeleton (Crypt:2)
  2 endoplasms
  3 giant cockroaches
  23 goblins
  18 hobgoblins
  11 jackals
  28 kobolds
  A quokka (D:3)
  10 ball pythons
  A ball python skeleton (Crypt:1)
  2 ball python zombies
  3 frilled lizards
  A kobold zombie (Crypt:3)
  A quokka zombie (Crypt:2)
  6 rats
  A spectral kobold (D:9)
2329 creatures vanquished.

Vanquished Creatures (others)
  A merfolk impaler (Shoals:4)
  An ogre mage (Vaults:5)
  A deep elf knight (Elf:3)
  A dancing weapon (Elf:2)
  A wizard (Vaults:1)
  A deep elf pyromancer (D:13)
  A yaktaur (Vaults:4)
  A yak (IceCv)
  A human (D:10)
  An orc warrior (Orc:2)
  An orc wizard (D:13)
  An orc (Orc:2)
  A kobold (D:8)
  35 fungi
  164 plants
212 creatures vanquished.

Grand Total: 2541 creatures vanquished

Notes
Turn   | Place    | Note
-------+----------+-------------------------------------------
     0 | D:1      | bakla the Octopode Gladiator began the quest for the Orb.
     0 | D:1      | Reached XP level 1. HP: 14/14 MP: 1/1
   153 | D:1      | Got the Almanac of the Evolved Autopsy
   250 | D:1      | Found a faded altar of an unknown god.
   265 | D:1      | Reached XP level 2. HP: 10/19 MP: 2/2
   972 | D:2      | Reached skill level 1 in Earth Magic
   972 | D:2      | Reached XP level 3. HP: 13/25 MP: 3/3
   977 | D:2      | Reached skill level 1 in Transmutations
  1835 | D:2      | Reached XP level 4. HP: 30/30 MP: 4/4
  2115 | D:2      | Learned a level 2 spell: Wereblood
  2524 | D:3      | Noticed Sigmund
  2542 | D:3      | Killed Sigmund
  2543 | D:3      | Reached XP level 5. HP: 15/36 MP: 5/5
  2543 | D:3      | Reached XP level 6. HP: 18/42 MP: 6/6
  2644 | D:3      | Found a blossoming altar of Fedhas.
  2820 | D:3      | Noticed Natasha
  2832 | D:3      | Killed Natasha
  3086 | D:3      | Found a runed translucent door.
  3087 | D:3      | Noticed Crazy Yiuf
  3241 | D:3      | Noticed Natasha
  3249 | D:3      | Killed Natasha
  3620 | D:3      | Noticed Natasha
  3626 | D:3      | Killed Natasha
  4147 | D:4      | Noticed Ijyb
  4165 | D:4      | Paralysed by Ijyb for 3 turns
  4168 | D:4      | Killed Ijyb
  4169 | D:4      | Reached XP level 7. HP: 39/47 MP: 7/7
  4208 | D:4      | Found a staircase to the Ecumenical Temple.
  4222 | Temple   | Entered the Ecumenical Temple
  4232 | Temple   | Became a worshipper of Cheibriados the Contemplative
  4573 | D:4      | Reached * piety under Cheibriados
  5024 | D:5      | Entered Level 5 of the Dungeon
  5045 | D:5      | Reached skill level 5 in Dodging
  5332 | D:5      | Reached XP level 8. HP: 53/54 MP: 8/8
  5412 | D:5      | Found a bloodstained altar of Trog.
  5453 | D:5      | Found Gaoggeh's Armour Shop.
  5645 | D:5      | Noticed Blork the orc
  5653 | D:5      | Killed Blork the orc
  5747 | D:5      | Reached skill level 5 in Fighting
  5871 | D:5      | Found a hide-covered altar of Uskayaw.
  5895 | D:5      | Reached ** piety under Cheibriados
  6413 | D:6      | Reached skill level 5 in Transmutations
  6413 | D:6      | Reached skill level 5 in Earth Magic
  6641 | D:6      | Found a white marble altar of Elyvilon.
  6884 | D:6      | Reached XP level 9. HP: 47/62 MP: 9/9
  6956 | D:6      | Found a basalt altar of Yredelemnul.
  7047 | D:6      | Found an opulent altar of Gozag.
  7100 | D:6      | Reached skill level 1 in Spellcasting
  7607 | D:6      | Noticed a two-headed ogre
  7617 | D:6      | Killed a two-headed ogre
  7650 | D:6      | Found Tugoqeck's Antique Weapon Boutique.
  7856 | D:6      | Reached *** piety under Cheibriados
  8043 | D:7      | Learned a level 6 spell: Statue Form
  8511 | D:7      | Found an iron altar of Okawaru.
  8528 | D:7      | Found a shimmering blue altar of Sif Muna.
  8690 | D:7      | Found a sacrificial altar of Ru.
  8998 | D:8      | Reached XP level 10. HP: 58/69 MP: 14/14
  9075 | D:8      | Found a flagged portal.
  9110 | Bailey   | Entered a bailey
  9150 | Bailey   | Reached **** piety under Cheibriados
  9391 | Bailey   | Noticed Prince Ribbit
  9391 | Bailey   | Noticed a vault guard
  9413 | Bailey   | Noticed a vault guard
  9430 | Bailey   | Killed a vault guard
  9477 | Bailey   | Killed Prince Ribbit
  9479 | Bailey   | Killed a vault guard
  9727 | D:8      | Reached XP level 11. HP: 33/76 MP: 18/18
 10194 | D:8      | Reached skill level 5 in Spellcasting
 10197 | D:8      | Noticed Psyche
 10242 | D:8      | Reached ***** piety under Cheibriados
 10366 | D:8      | Killed Psyche
 10804 | D:9      | Found a staircase to the Lair.
 11075 | D:9      | Found an ornate altar of the Wu Jian Council.
 11484 | D:9      | Found a burning altar of Makhleb.
 11740 | D:9      | Noticed Erolcha
 11757 | D:9      | Killed Erolcha
 11908 | D:9      | Noticed Maggie
 12203 | D:9      | Killed Maggie
 12276 | D:9      | Found a hazy altar of Hepliaklqana.
 12341 | D:10     | Entered Level 10 of the Dungeon
 12380 | D:10     | Learned a level 5 spell: Lee's Rapid Deconstruction
 13060 | D:10     | Found a transporter.
 13060 | D:10     | Noticed an orc high priest
 13060 | D:10     | Noticed an orc sorcerer
 13064 | D:10     | Noticed a two-headed ogre
 13101 | D:10     | Found a transporter.
 13189 | D:10     | Identified the +4 chain mail of Apathy {-Cast rN+ Dex+2}
 13352 | D:10     | Noticed an orc knight
 13353 | D:10     | Found a staircase to the Orcish Mines.
 13505 | D:10     | Identified the +0 chain mail "Xana" {+Blink Dex+3}
 13694 | Lair:1   | Entered Level 1 of the Lair of Beasts
 13719 | Lair:1   | Noticed a boulder beetle
 13729 | Lair:1   | Killed a boulder beetle
 13850 | Lair:1   | Reached XP level 12. HP: 39/85 MP: 19/19
 13983 | Lair:1   | Reached ****** piety under Cheibriados
 14686 | Lair:1   | Reached skill level 10 in Transmutations
 14688 | Lair:1   | Reached skill level 10 in Earth Magic
 15255 | Lair:2   | Reached skill level 1 in Invocations
 16086 | Lair:2   | Reached XP level 13. HP: 90/90 MP: 20/20
 16184 | D:6      | Bought a demon blade for 450 gold pieces
 16415 | Lair:3   | Reached skill level 1 in Long Blades
 17096 | Lair:3   | Reached XP level 14. HP: 97/97 MP: 14/21
 17192 | Lair:3   | Found a staircase to the Shoals.
 17581 | Lair:3   | Found a staircase to the Snake Pit.
 17708 | Lair:3   | Identified a scroll of acquirement
 17708 | Lair:3   | Acquired the ring "Gusmuxoch" {rCorr EV+5}
 19264 | Lair:5   | Entered Level 5 of the Lair of Beasts
 19335 | Lair:5   | Reached skill level 5 in Long Blades
 19434 | Lair:5   | Found a staircase to the Slime Pits.
 20070 | Lair:5   | Reached XP level 15. HP: 78/101 MP: 15/22
 20437 | Lair:5   | Reached skill level 10 in Long Blades
 21177 | D:10     | Found an ancient bone altar of Kikubaaqudgha.
 21278 | D:11     | Found a frozen archway.
 21336 | IceCv    | Entered an ice cave
 21445 | IceCv    | Learned a level 5 spell: Irradiate
 21837 | IceCv    | Noticed a frost giant
 21847 | IceCv    | Killed a frost giant
 21848 | IceCv    | Reached skill level 1 in Shields
 21890 | IceCv    | Identified the ring of Dogma {rElec AC+4}
 21898 | IceCv    | Identified the +9 bardiche of Wonderful Punishment {holy,
                  | Dex+4}
 23597 | D:13     | Reached XP level 16. HP: 95/108 MP: 5/23
 23728 | D:13     | Found a gate to the Vaults.
 24234 | D:13     | Found Inuh's Demolitions Depot.
 24395 | D:14     | Reached skill level 10 in Invocations
 24418 | D:14     | You fall into a shaft and drop 1 floor!
 24418 | D:15     | Entered Level 15 of the Dungeon
 24540 | D:15     | Got the Omnibus of Hypothermia and Ill Luck
 24731 | D:15     | Found Rofaaps's Jewellery Boutique.
 25064 | D:15     | Found a staircase to the Depths.
 25908 | Orc:1    | Entered Level 1 of the Orcish Mines
 25933 | Orc:1    | Paralysed by an orc sorcerer for 5 turns
 25988 | Orc:1    | Found Duushi's Specific Store.
 25990 | Orc:1    | Found Kaytsiph's General Store.
 26161 | Orc:1    | You fall into a shaft and drop 1 floor!
 26161 | Orc:2    | Entered Level 2 of the Orcish Mines
 26754 | Orc:2    | Found a staircase to the Elven Halls.
 26943 | Orc:2    | Found Mamosish's Jewellery Shop.
 26943 | Orc:2    | Found Kaux's General Store.
 26945 | Orc:2    | Found Kocora's Jewellery Shop.
 26945 | Orc:2    | Found Xotefyen's Distillery.
 26958 | Orc:2    | Bought a scroll of enchant weapon for 105 gold pieces
 26961 | Orc:2    | Bought a potion of might for 56 gold pieces
 26962 | Orc:2    | Bought the ring "Ulezo" {Fly Will+ Dex+2} for 514 gold
                  | pieces
 26967 | Orc:2    | Bought a +6 ring of dexterity for 432 gold pieces
 27067 | Orc:1    | Reached skill level 10 in Dodging
 27349 | Snake:1  | Entered Level 1 of the Snake Pit
 27365 | Snake:1  | Found Tyaguepp's Magic Scroll Shop.
 27371 | Snake:1  | Found Iholism's Weapon Boutique.
 27373 | Snake:1  | Found Hotihuc's Distillery.
 27377 | Snake:1  | Bought a scroll of blinking for 90 gold pieces
 27381 | Snake:1  | Bought a potion of heal wounds for 95 gold pieces
 27381 | Snake:1  | Bought a potion of heal wounds for 95 gold pieces
 27382 | Snake:1  | Bought a potion of cancellation for 152 gold pieces
 27638 | Snake:1  | Reached skill level 10 in Fighting
 28190 | Snake:2  | Reached XP level 17. HP: 105/116 MP: 13/26
 28418 | Orc:2    | Bought an amulet of regeneration for 360 gold pieces
 29002 | Snake:2  | You are sucked into a shaft and drop 1 floor!
 30061 | Snake:2  | Found Coleario's Jewellery Shop.
 30502 | Snake:2  | Found Dobrynya's Dragon-Slaying Spoils.
 30705 | Snake:4  | Entered Level 4 of the Snake Pit
 31166 | Snake:4  | Reached XP level 18. HP: 128/128 MP: 27/27
 31559 | Snake:4  | Reached skill level 5 in Shields
 31564 | Snake:4  | Got a serpentine rune of Zot
 32111 | Snake:2  | Bought a ring of willpower for 350 gold pieces
 32206 | Shoals:1 | Entered Level 1 of the Shoals
 32412 | Shoals:1 | Noticed Louise
 32430 | Shoals:1 | Killed Louise
 34552 | Shoals:4 | Entered Level 4 of the Shoals
 34589 | Shoals:4 | Reached skill level 10 in Shields
 34867 | Shoals:4 | Identified the amulet of Pyass {Reflect Int+4 SH+5}
 35042 | Shoals:4 | Reached XP level 19. HP: 135/135 MP: 28/28
 35400 | Shoals:4 | Got a barnacled rune of Zot
 35576 | Shoals:4 | Identified the +3 flail "Tobustra" {heavy, Str+3}
 35827 | Elf:1    | Entered Level 1 of the Elven Halls
 36297 | Elf:1    | Got Roekij's Compilation of the Grave
 37057 | Elf:2    | Found Irazurat's Book Boutique.
 37192 | Elf:2    | Found a runed translucent gate.
 37193 | Elf:2    | Found a runed translucent gate.
 37193 | Elf:2    | Found a runed translucent gate.
 37274 | Elf:3    | Entered Level 3 of the Elven Halls
 37424 | Elf:3    | Reached skill level 15 in Dodging
 37579 | Elf:3    | Noticed Saint Roka
 37585 | Elf:3    | Reached skill level 15 in Fighting
 37585 | Elf:3    | Reached XP level 20. HP: 145/145 MP: 24/29
 37588 | Elf:3    | Killed Saint Roka
 37665 | Elf:3    | Reached skill level 15 in Shields
 37834 | Elf:3    | Identified the +1 ring mail of the Thistle {rCorr Int+4}
 37834 | Elf:3    | Identified the +0 robe of the Sea {Dex+3}
 37834 | Elf:3    | Identified the ring "Eliuzott" {rElec Will+ Int-5 Dex-4
                  | Stlth+}
 37835 | Elf:3    | Identified the amulet of Accord {Spirit rPois Stlth+}
 37835 | Elf:3    | Identified the +12 dagger of a Labyrinth {spect, *Slow
                  | Dex+5}
 37835 | Elf:3    | Identified the amulet of Cioblor {Faith rN+}
 37948 | Elf:3    | Identified the +7 sling of Dust {speed, +Blink rF++ Int+3}
 37975 | Elf:3    | Identified the +1 quarterstaff "Octopus's Bane" {drain,
                  | rElec}
 39133 | Vaults:1 | Entered Level 1 of the Vaults
 39212 | Vaults:1 | You are sucked into a shaft and drop 1 floor!
 39253 | Vaults:2 | Reached XP level 21. HP: 151/151 MP: 31/31
 39268 | Vaults:2 | Found a staircase to the Crypt.
 39792 | Vaults:2 | Found Axaudaq's Assorted Antiques.
 41398 | Vaults:3 | Found Viusk's Antique Armour Emporium.
 41438 | Vaults:3 | Noticed Frederick
 41458 | Vaults:3 | Killed Frederick
 41740 | Vaults:4 | Noticed Boris
 41745 | Vaults:4 | Killed Boris
 41763 | Vaults:4 | Reached XP level 22. HP: 92/157 MP: 22/34
 42135 | Vaults:4 | Identified the +0 mace of the Lumpy Suns {flame, rC+}
 42553 | Vaults:4 | Noticed Zenata
 42560 | Vaults:4 | Killed Zenata
 43396 | Vaults:5 | Entered Level 5 of the Vaults
 43590 | Vaults:5 | Reached XP level 23. HP: 165/165 MP: 30/35
 43602 | Vaults:5 | Reached skill level 15 in Long Blades
 43617 | Vaults:5 | Identified the +3 quarterstaff "Akuohoa" {flame, Int+4}
 43617 | Vaults:5 | Identified the ring "Kumuzylu" {rPois MP+9 Dex+5}
 44064 | Vaults:5 | Got a silver rune of Zot
 44529 | Vaults:5 | Identified the amulet "Giestiun" {rF+ Regen+ Int-5 Stlth+}
 44591 | Vaults:5 | Identified the +8 scimitar of the Spider Nest {heavy,
                  | Fragile rElec Int+4 Dex+3}
 44776 | Vaults:5 | Identified the +0 leather armour of Esoisaokus {+Inv rN+++
                  | Will- Dex-3}
 45085 | Vaults:5 | Found the ring of the Hare {EV+10}
 45346 | Crypt:1  | Entered Level 1 of the Crypt
 45434 | Crypt:1  | Noticed Boris
 45438 | Crypt:1  | Killed Boris
 46063 | Crypt:2  | Noticed Vv
 46074 | Crypt:2  | Killed Vv
 46145 | Crypt:2  | Noticed Jory
 46149 | Crypt:2  | Killed Jory
 46659 | Crypt:2  | Identified the +1 leather armour of Untold Secrets {rF+
                  | rN+}
 46844 | Crypt:3  | Entered Level 3 of the Crypt
 46868 | Crypt:3  | Gained mutation: You passively dampen the noise of your
                  | surroundings. [mutagenic glow]
 46906 | Crypt:3  | Found a staircase to the Tomb.
 47019 | Crypt:3  | Reached XP level 24. HP: 175/175 MP: 32/35
 47140 | Crypt:3  | Found the macabre finger necklace {Finger+ rN+}
 47525 | Crypt:3  | Got Borgnjor's Treatise on the Damned
 47568 | Crypt:3  | Noticed a royal mummy
 47568 | Crypt:3  | Noticed Khufu
 47575 | Crypt:3  | Killed a royal mummy
 47579 | Crypt:3  | Killed Khufu
 47602 | Crypt:3  | Identified the ring "Wera" {rPois EV+5 Int-3 Dex+3 Stlth+}
 47606 | Crypt:3  | Identified the ring of Duwk {rElec rCorr EV+5}
 47624 | Crypt:3  | Got the Incunabulum of the Shifting Chill
 47627 | Crypt:3  | Identified the +1 ring mail of the Demon Prince {Will+
                  | Int+9}
 47629 | Crypt:3  | Got the Papyrus of Deathly Reformation
 47637 | Crypt:3  | Learned a level 5 spell: Yara's Violent Unravelling
 48041 | Crypt:3  | Identified the ring "Xelebadi" {rF+ MP+9 Slay+2}
 48834 | Vaults:1 | Found Avvegeiq's Antique Armour Emporium.
 49862 | Depths:1 | Entered Level 1 of the Depths
 49868 | Depths:1 | Reached XP level 25. HP: 182/182 MP: 30/35
 50074 | Depths:1 | Found a one-way gate leading to the halls of Pandemonium.
 50147 | Depths:1 | Identified the +9 short sword of Income {distort, Dex+3}
 50420 | Depths:1 | Found a gateway to Hell.
 50902 | Depths:2 | Found a one-way gateway to a ziggurat.
 51378 | Depths:2 | Found a bloodstained altar of Trog.
 51391 | Depths:2 | Found a runed translucent gate.
 51398 | Depths:2 | Found a runed translucent gate.
 51398 | Depths:2 | Found an ancient bone altar of Kikubaaqudgha.
 51399 | Depths:2 | Found a runed translucent gate.
 51399 | Depths:2 | Noticed Tourr's ghost (veteran HuIE)
 51717 | Depths:2 | Noticed a dread lich
 51717 | Depths:2 | Noticed a dread lich
 51728 | Depths:2 | Killed a dread lich
 51731 | Depths:2 | Killed a dread lich
 51738 | Depths:2 | Killed Tourr's ghost
 51748 | Depths:2 | Identified the +1 robe of the Ageless Bones {*Slow rF++
                  | Dex+4 Slay+2}
 51753 | Depths:2 | Identified the ring "Jimeskec" {rElec rC++ Dex-2 Slay+2
                  | SInv}
 51769 | Depths:2 | Got Kikubaaqudgha's Grimoire of Despicable Spells
 51778 | Depths:2 | Learned a level 5 spell: Borgnjor's Vile Clutch
 52070 | Depths:3 | Identified the +4 scimitar of Zoty {flame, rC++ Will+ Str-2
                  | SInv Stlth+}
 52082 | Depths:3 | Found a white marble altar of Elyvilon.
 52082 | Depths:3 | Found Caowe's Hallowed Reliquary.
 52097 | Depths:3 | Bought a potion of heal wounds for 65 gold pieces
 52097 | Depths:3 | Bought 2 potions of heal wounds for 130 gold pieces
 52321 | Depths:3 | Reached XP level 26. HP: 198/198 MP: 32/35
 52336 | Depths:3 | Noticed a juggernaut
 52348 | Depths:3 | Killed a juggernaut
 52371 | Depths:3 | Identified the +3 mace "Ublom" {heavy, Dex+3 Stlth+}
 52385 | Depths:3 | Identified the +6 dagger "Axtor" {protect, rCorr}
 52529 | Depths:3 | Noticed a juggernaut
 52536 | Depths:3 | Killed a juggernaut
 52631 | Depths:3 | Noticed Mara
 52642 | Depths:3 | Killed Mara
 52661 | Depths:3 | Found a corrupted altar of Lugonu.
 52662 | Depths:3 | Found a one-way gate to the infinite horrors of the Abyss.
 52839 | Depths:4 | Entered Level 4 of the Depths
 53020 | Depths:4 | Found a gate to the Realm of Zot.
 53066 | Depths:4 | Found Ewux Dil's Distillery.
 53074 | Depths:4 | Found Tiluc's Armour Emporium.
 53074 | Depths:4 | Found Mefarhea's Assorted Antiques.
 53077 | Depths:4 | Found Bifur's Distillery.
 53093 | Depths:4 | Bought a potion of magic for 152 gold pieces
 53093 | Depths:4 | Bought a potion of heal wounds for 95 gold pieces
 53099 | Depths:4 | Bought a potion of might for 76 gold pieces
 53099 | Depths:4 | Bought a potion of resistance for 190 gold pieces
 53099 | Depths:4 | Bought a potion of heal wounds for 95 gold pieces
 53118 | Depths:4 | Noticed Boris
 53125 | Depths:4 | Killed Boris
 53640 | Zot:1    | Entered Level 1 of the Realm of Zot
 53934 | Zot:3    | You are sucked into a shaft and drop 1 floor!
 53939 | Zot:4    | Noticed an orb of fire
 53944 | Zot:4    | Killed an orb of fire
 54056 | Zot:4    | Reached XP level 27. HP: 207/207 MP: 30/35
 54795 | Zot:5    | Entered Level 5 of the Realm of Zot
 55067 | Zot:5    | Found a transporter.
 55440 | Zot:5    | Noticed an orb of fire
 55442 | Zot:5    | Gained mutation: Your magical capacity is low. (-10% MP)
                  | [an orb of fire]
 55443 | Zot:5    | Gained mutation: Your spells are a little easier to cast,
                  | but a little less powerful. [an orb of fire]
 55445 | Zot:5    | Killed an orb of fire
 55497 | Zot:5    | Noticed an ancient lich
 55503 | Zot:5    | Noticed a dread lich
 55504 | Zot:5    | Killed an ancient lich
 55506 | Zot:5    | Noticed an ancient lich
 55512 | Zot:5    | Killed a dread lich
 55515 | Zot:5    | Killed an ancient lich
 55846 | Zot:5    | Noticed an orb of fire
 55848 | Zot:5    | Gained mutation: You occasionally lose the ability to drink
                  | potions when taking damage. [an orb of fire]
 55852 | Zot:5    | Killed an orb of fire
 55886 | Zot:5    | Noticed an orb of fire
 55886 | Zot:5    | Noticed an ancient lich
 55897 | Zot:5    | Killed an ancient lich
 55898 | Zot:5    | Killed an orb of fire
 55959 | Zot:5    | Got the Orb of Zot
 56131 | Zot:1    | Lost mutation: Your spells are a little easier to cast, but
                  | a little less powerful. [potion of mutation]
 56131 | Zot:1    | Lost mutation: Your magical capacity is low. (-10% MP)
                  | [potion of mutation]
 56131 | Zot:1    | Gained mutation: You are frail. (-10% HP) [potion of
                  | mutation]
 56132 | Zot:1    | Lost mutation: You passively dampen the noise of your
                  | surroundings. [potion of mutation]
 56132 | Zot:1    | Lost mutation: You occasionally lose the ability to drink
                  | potions when taking damage. [potion of mutation]
 56132 | Zot:1    | Lost mutation: You are frail. (-10% HP) [potion of
                  | mutation]
 56132 | Zot:1    | Gained mutation: Your spells are a little harder to cast,
                  | but a little more powerful. [potion of mutation]
 56132 | Zot:1    | Gained mutation: Your flesh is cold resistant. (rC+)
                  | [potion of mutation]
 56345 | D:11     | Gained mutation: You occasionally lose the ability to drink
                  | potions when taking damage. [a cacodemon]
 56567 | D:1      | Noticed Xeleck the pandemonium lord
 56567 | D:1      | Noticed an ancient lich
 56570 | D:1      | Killed Xeleck the pandemonium lord
 56572 | D:1      | Killed an ancient lich
 56591 | D:$      | Escaped with the Orb!

Illustrated notes

Levels and vault maps discovered:
D:1:      dpeg_arrival_central, layout_basic,
          shapermc_ecumenical_altar_starsandcircs
D:2:      layout_basic, minmay_goblin_outpost
D:3:      layout_basic, fedhas_altar_3, minmay_misc_feat_tower,
          minmay_quantized, uniq_crazy_yiuf_cottage, uniq_sigmund, uniq_natasha
D:4:      corexii_shantytown, layout_loops_ring, minmay_temple_entry_glass,
          minmay_curled_crystal, st_stairs_12, uniq_ijyb
D:5:      layout_basic, trog_book, nicolae_uskayaw_suspiria, serial_shops, shop,
          mrwooster_statue_mirror, uniq_blork_the_orc
D:6:      layout_basic, nicolae_gozag_seed_capital, elyvilon_altar_5,
          nicolae_yredelemnul_corpse_copse, serial_shops,
          nicolae_shop_hallway_plus, grunt_decor_mini_mirrors, interstate_on_off
D:7:      layout_cave_pods, mainiacjoe_overflow_catwalk_spiral,
          mainiacjoe_overflow_small_starburst
D:8:      layout_loops_ring, enter_bailey_5, uniq_psyche
D:9:      layout_basic, nicolae_wu_jian_glorious_leap, lightli_temple_of_fire,
          nicolae_hepliaklqana_monster_ancestors, lair_entry_dummy, uniq_maggie,
          uniq_erolcha, uniq_prince_ribbit1
D:10:     gammafunk_beogh_shrine, layout_small_grid, tgw_kikubaaqudgha,
          erik_orc_2
D:11:     layout_rooms, portal_ice_cave_entry_ice_simulacra
D:12:     layout_rooms, minmay_misc_feat_x
D:13:     layout_basic, lightli_vaults_fourway_checkpoint, nicolae_blasting_shop
D:14:     layout_rooms, nicolae_benzene_ring, minmay_hedge_maze
D:15:     grunt_enter_depths_snipers, layout_basic, chequers_hall_statues_y,
          serial_shops, shop, nrook_mini_backslash, serial_park_tiny_pond
Temple:   hellmonk_temple_rainy
Lair:1:   layout_cave_pods, gauntlet_entry_generic, nicolae_lair_liquid_snakes,
          grunt_megastairs_5, infiniplex_staircase_pool
Lair:2:   hellmonk_ruined_rings, layout_regular_city, serial_bayou_pond_a,
          kennysheep_rathole, grunt_megastairs_1
Lair:3:   layout_cave_pods, elwin_shoals_entry_rocks,
          nicolae_snake_entry_warm_welcome
Lair:4:   layout_layer_cave
Lair:5:   minmay_lair_end_enchanted_forest, layout_regular_city, slime_entry_1
Shoals:1: layout_shoals, uniq_louise
Shoals:2: layout_shoals
Shoals:3: layout_shoals
Shoals:4: shoals_end_simple, layout_shoals
Snake:1:  layout_gridlike, minmay_shop_star
Snake:2:  layout_chambers, serial_shops, nicolae_diamond_shop, st_stairs_14,
          nicolae_shop_dragon_depot, lemuel_fruit_tree
Snake:3:  layout_onion, nicolae_snake_snakes_in_the_grass, grunt_megastairs_3
Snake:4:  grunt_snake_rune_spirals, layout_onion
Orc:1:    layout_caves, nicolae_specific_store
Orc:2:    grunt_orc_tribal_feast, layout_diamond_mine, basic_altar,
          nicolae_orc_pool_cavern
Elf:1:    elf_arrival_002, layout_geoelf_diagonals, hangedman_elf_represent,
          minmay_elf_necromancy
Elf:2:    nicolae_elf_blades_crystal_corner, layout_rooms, serial_shops,
          nicolae_diamond_shop, minmay_misc_feat_five,
          ebering_dispersal_statue_hall, drop_trap
Elf:3:    nooodl_elf_gasket, layout_geoelf_octagon, uniq_saint_roka
Vaults:1: v_alt_pattern_5, hangedman_vaults_trim, hangedman_vaults_pinch,
          nicolae_vaults_little_squares_4, nicolae_vaults_big_angled_halls,
          vaults_dpeg_cross, vaults_room_boxed, nicolae_vaults_statue_guard,
          nicolae_vaults_theta, nicolae_vaults_asterisk, vaults_dpeg_hooks,
          grunt_vaults_hallway_short, vaults_room_corners,
          layout_vaults_omnibox, serial_shops, shop
Vaults:2: vaults_room_semicircle, vaults_mumra_chevron_long,
          nicolae_vaults_little_ls, hangedman_vaults_stream, vaults_dpeg_doors,
          blue_anna_dwarven_crypt, v_misc_9, ontoclasm_vaults_twist,
          ontoclasm_vaults_eye, hangedman_vaults_trim,
          ontoclasm_vaults_ligature, layout_vaults_big_cross, serial_shops, shop
Vaults:3: nicolae_vaults_border_crossing, ontoclasm_vaults_shuriken,
          nicolae_vaults_mini_display_case, vaults_room_grid,
          hangedman_vaults_impose, hangedman_vaults_trim,
          vaults_dpeg_encased_lava, nicolae_vaults_network_s, serial_ice_m,
          layout_vaults_omnigrid, serial_shops, nicolae_shop_statue_plus,
          uniq_frederick
Vaults:4: nicolae_vaults_inception_scallops, v_alt_pattern_4, v_misc_3,
          ontoclasm_vaults_misaligned, ontoclasm_vaults_ring_small,
          ontoclasm_vaults_ring_small, grunt_vaults_swirl,
          nicolae_vaults_network_star, ontoclasm_vaults_ring_square,
          hangedman_vaults_corner_blocks, nicolae_vaults_shelves_hall,
          v_misc_32, ontoclasm_vaults_chip, layout_vaults_maze_bifur,
          uniq_zenata, uniq_boris
Vaults:5: uniq_margery
Crypt:1:  layout_chaotic_city
Crypt:2:  layout_misc_corridors, uniq_vv, uniq_jory
Crypt:3:  due_elkab, layout_chaotic_city, columned_hall_lemuel, st_chilly_death,
          uniq_khufu
Depths:1: layout_honeycomb, minmay_misc_feat_more_columns, hell_entry,
          rand_demon_pan_entry_7, kennysheep_boxes, serial_bayou_shore_b
Depths:2: nzn_winding_woodlands_medium [nzn_winding_woodlands_5x5_cross,
          nzn_winding_woodlands_5x15_sawtooth,
          nzn_winding_woodlands_5x5_open_star,
          nzn_winding_woodlands_5x5_perimeter,
          nzn_winding_woodlands_center_diamonds,
          nzn_winding_woodlands_5x5_checkerboard,
          nzn_winding_woodlands_5x5_three, nzn_winding_woodlands_5x15_parted,
          nzn_winding_woodlands_5x5_closed_star], layout_cross,
          enter_ziggurat_f, hell_entry, gammafunk_ghost_crypt, bloody_trog,
          rand_demon_pan_entry_4, nrook_campfire
Depths:3: evilmike_diamond_1, layout_cave_pools, hell_entry, dk_noncrumbling_4,
          abyss_entry_flame_altar, grunt_pan_entry_zigzag, minivault_14,
          nicolae_good_shop, minmay_staircase_statues_hall_small,
          serial_bayou_shore_a, serial_bayou_shore_b, uniq_mara
Depths:4: evilmike_zot_entry_diamond, layout_gridlike, hell_entry,
          minmay_misc_feat_rows, minmay_shoptagon
Zot:1:    layout_concentric_octagons
Zot:2:    layout_gridlike
Zot:3:    layout_cathedral_of_symmetry, drop_trap
Zot:4:    hangedman_snap_crack_crunch, layout_onion_interference
Zot:5:    layout_misc_corridors, nicolae_diode_basic

Skill      XL: |  1  2  3  4  5  6  7  8  9 10 11 12 13 14 15 16 17 18 19 20 21 22 23 24 25 26 27 |
---------------+----------------------------------------------------------------------------------+-----
Earth Magic    | 1 2 3 4 5 6 7 9 11 12 13 | 13.0
Transmutations | 1 2 3 4 5 6 7 9 11 12 13 | 13.0
Fighting       | 3 4 5 6 7 9 10 13 15 16 17 18 20 22 23 | 23.9
Dodging        | 4 5 6 7 8 9 10 13 15 16 17 18 19 | 19.0
Spellcasting   | 3 4 5 6 8 |  8.0
Invocations    | 6 8 13 | 13.0
Long Blades    | 2 8 13 14 16 17 19 22 23 | 23.9
Shields        | 4 11 14 17 20 21 22 | 22.0
Short Blades   | |  3.0
Throwing       | |  2.0
Stealth        | |  0.2

Action                     |  1- 3 |  4- 6 |  7- 9 | 10-12 | 13-15 | 16-18 | 19-21 | 22-24 | 25-27 || total
---------------------------+-------+-------+-------+-------+-------+-------+-------+-------+-------++-------
  Melee: Rapier            |    68 |       |       |       |       |       |       |       |       ||    68
         Constrict         |    19 |    42 |    51 |   108 |   100 |   126 |   146 |   120 |   111 ||   823
         Tentacles         |    14 |    29 |    73 |   192 |   204 |   221 |   161 |   305 |   272 ||  1471
         Dagger            |     4 |   130 |   282 |   536 |       |       |       |       |       ||   952
         Punch             |       |     2 |     2 |    10 |    13 |    19 |    13 |    23 |    19 ||   101
         Demon blade       |       |       |       |       |   613 |   724 |   494 |   814 |   674 ||  3319
  Throw: Throwing net      |     1 |       |     3 |     5 |       |       |       |       |       ||     9
         Javelin           |       |       |     2 |     3 |       |       |       |       |       ||     5
         Dart              |       |       |       |    12 |     3 |       |     1 |     1 |     2 ||    19
   Cast: Wereblood         |       |       |     3 |    20 |    43 |    52 |    35 |    30 |    39 ||   222
         Statue Form       |       |       |       |     9 |    83 |   107 |    71 |    93 |    72 ||   435
         Lee's Rapid Decon |       |       |       |       |       |     1 |    19 |    21 |     9 ||    50
         Yara's Violent Un |       |       |       |       |       |       |       |       |     2 ||     2
 Invoke: Slouch            |       |       |       |       |     8 |     6 |    10 |     7 |    11 ||    42
         Bend Time         |       |       |       |       |     1 |       |       |       |       ||     1
Ability: End Transformatio |       |       |       |       |       |       |       |       |     3 ||     3
  Evoke: Wand              |       |       |    23 |    18 |    12 |     2 |     2 |       |     6 ||    63
         Phantom mirror    |       |       |       |       |       |     1 |       |       |       ||     1
    Use: Scroll            |     2 |     8 |    11 |    18 |    11 |     5 |     6 |     2 |    10 ||    73
         Potion            |       |     1 |     1 |     8 |       |     1 |     3 |     1 |     8 ||    23
   Stab: Sleeping          |     9 |     6 |    12 |     8 |     5 |    11 |     6 |    11 |    15 ||    83
         Paralysed         |       |       |     7 |       |       |       |       |       |       ||     7
         Distracted        |       |       |     1 |     1 |       |     9 |    11 |    34 |    28 ||    84
         Held in net/web   |       |       |       |     6 |       |       |       |       |       ||     6
         Invisible         |       |       |       |     5 |     3 |     1 |       |       |       ||     9
 Armour: Skin              |     7 |    11 |    25 |    65 |   331 |   190 |    91 |    61 |    58 ||   839
  Dodge: Dodged            |    58 |    65 |   147 |   551 |  1295 |  1297 |   628 |   775 |   728 ||  5544
  Block: Buckler           |       |       |       |       |   139 |   593 |       |       |       ||   732
         Kite shield       |       |       |       |       |       |   272 |   698 |    14 |       ||   984
         Reflection        |       |       |       |       |       |    28 |   105 |     1 |       ||   134
         Tower shield      |       |       |       |       |       |       |       |  1435 |  1168 ||  2603

Table legend: (Time is in decaauts)
 A = Elapsed time spent in this place.
 B = Non-inter-level travel time spent in this place.
 C = Inter-level travel time spent in this place.
 D = Time resting spent in this place.
 E = Time spent auto-exploring this place.
 F = Levels seen in this place.
 G = Mean time per level.
                   A        B        C        D        E       F      G
               +--------+--------+--------+--------+--------+-----+--------+
         Total |  98966 |  91611 |   7355 |   6284 |  58576 |  53 | 1867.3 |
       Dungeon |  26049 |  23297 |   2752 |   3331 |  14180 |  15 | 1736.6 |
        Temple |     23 |     23 |      0 |      0 |      1 |   1 |   23.0 |
          Lair |  13838 |  12531 |   1307 |    490 |   7796 |   5 | 2767.6 |
        Shoals |   7085 |   6770 |    315 |      0 |   5339 |   4 | 1771.2 |
     Snake Pit |   9034 |   8376 |    658 |     61 |   5845 |   4 | 2258.5 |
  Orcish Mines |   2666 |   2359 |    307 |      0 |   1636 |   2 | 1333.0 |
   Elven Halls |   6052 |   5480 |    572 |    148 |   3811 |   3 | 2017.3 |
        Vaults |  13948 |  13382 |    566 |    496 |   9980 |   5 | 2789.6 |
         Crypt |   6378 |   6140 |    238 |    339 |   3949 |   3 | 2126.0 |
        Depths |   7708 |   7354 |    354 |     77 |   5361 |   4 | 1927.0 |
           Zot |   4259 |   3976 |    283 |    904 |     30 |   5 |  851.8 |
        Bailey |    537 |    537 |      0 |    141 |     22 |   1 |  537.0 |
      Ice Cave |   1384 |   1384 |      0 |    295 |    623 |   1 | 1384.0 |
               +--------+--------+--------+--------+--------+-----+--------+

Top non-repeatable levels by time:
Vaults:5: 3483 daAuts
 Crypt:3: 3288 daAuts
     D:9: 3135 daAuts
  Lair:3: 3089 daAuts
  Lair:5: 3038 daAuts
  Lair:4: 3036 daAuts
Vaults:3: 2903 daAuts
    D:10: 2883 daAuts
Vaults:4: 2872 daAuts
 Snake:4: 2659 daAuts
 Snake:2: 2599 daAuts
  Lair:2: 2461 daAuts
   Elf:3: 2405 daAuts
Vaults:1: 2373 daAuts
Vaults:2: 2315 daAuts
